 Seeded DCSS version 0.28-a0-1567-g1695149f81 (webtiles) character file.

Game seed: 132 (custom seed)

29 knot the Chopper (level 3, 29/29 HPs)
             Began as a Demonspawn Berserker on Jan 19, 2022.
             Was a Follower of Trog.
             Quit the game on level 2 of the Dungeon.
             The game lasted 00:01:17 (1462 turns).

knot the Chopper (Demonspawn Berserker)             Turns: 1462, Time: 00:01:18

Health: 29/29      AC:  6    Str: 17    XL:     3   Next: 1%
Magic:  3/3        EV: 11    Int: 10    God:    Trog [*.....]
Gold:   56         SH:  0    Dex: 12    Spells: 2/2 levels left

rFire   . . .      SeeInvis .   a - +0 hand axe
rCold   . . .      Faith    .   (no shield)
rNeg    . . .      Spirit   .   e - +0 ring mail
rPois   .          Reflect  .   (no helmet)
rElec   .          Harm     .   (no cloak)
rCorr   .          Rampage  .   f - +0 pair of gloves
Will    .....                   (no boots)
Stlth   +.........              (no amulet)
HPRegen 0.09/turn               (no ring)
MPRegen 0.16/turn               (no ring)

@: no status effects
A: magic regeneration, demonic magic 1
a: Renounce Religion, Berserk


You were on level 2 of the Dungeon.
You worshipped Trog.
Trog was aware of your devotion.
You visited 1 branch of the dungeon, and saw 2 of its levels.

You collected 56 gold pieces.

Inventory:

Hand Weapons
 a - a +0 hand axe (weapon)
Missiles
 g - 21 stones (quivered)
Armour
 e - a +0 ring mail (worn)
 f - a +0 pair of gloves (worn)
Scrolls
 c - a scroll of torment {unknown}
 d - 3 scrolls of identify {unknown}
 h - a scroll of immolation {unknown}
 i - 2 scrolls of teleportation {unknown}
 j - a scroll of blinking {unknown}
Potions
 b - a potion of curing {unknown}
 k - a potion of degeneration {unknown}
 l - a potion of attraction {unknown}


   Skills:
 - Level 3.0 Fighting
 * Level 3.7 Axes
 * Level 0.3 Throwing
 - Level 1.7 Armour
 - Level 1.7 Dodging


You had 2 spell levels left.
You didn't know any spells.
Your spell library was empty.

Dungeon Overview and Level Annotations

Branches:
Dungeon (2/15)

Altars:

Shops:
D:2 !


Innate Abilities, Weirdness & Mutations

You regenerate magic rapidly.
Spells you cast may paralyse adjacent enemies.


Message History

No target in view!
You see here a frilled lizard corpse.
d - 3 scrolls labelled ISTEJE WORHO (gained 1)
You now have 42 gold pieces (gained 3).
You now have 56 gold pieces (gained 14).
You open the large door.
There is a large open door here.
l - a fizzy cyan potion A goblin comes into view.
It is wielding a +0 dagger.
The goblin unwields a +0 dagger.
The goblin wields a +0 hunting sling.
The goblin shoots a stone.
The stone hits you but does no damage.
Found a stone staircase leading down.
You closely miss the goblin.
The goblin unwields a +0 hunting sling.
The goblin wields a +0 dagger.
The goblin barely misses you.
You closely miss the goblin. Your punch misses the goblin.
The goblin barely misses you.
You closely miss the goblin. The goblin hits you but does no damage.
You slash the goblin!
You kill the goblin!
Trog accepts your kill.
No target in view!
No target in view!
No target in view!
A dart slug comes into view.
Things that are here:
a +0 dagger; a +0 hunting sling; 22 stones A dart slug is nearby!
A dart slug is nearby!
You hit the dart slug.
The dart slug is heavily wounded.
The dart slug closely misses you.
You hit the dart slug.
You kill the dart slug!
Trog accepts your kill.
You have reached level 3!
Your experience leads to an increase in your attributes!
Increase (S)trength, (I)ntelligence, or (D)exterity?
You feel clever. x2; Your demonic ancestry asserts itself...
A menacing aura infuses your magic.
Are you sure you want to abandon this character and quit the game? (Confirm with "yes".)

######### .......+
.......# ......#
#....# #### #....#
... #)...#
#.####....#######
#.###.........@.....+
#.......###.#.#.#####
#######.#..>......
#####.###.#.#.###
#...........#.#
#.#######.###+# #.#
#.# #.## #..#


There were no monsters in sight!

Vanquished Creatures
  An adder (D:1)
  A dart slug (D:2)
  A bat (D:2)
  2 goblins
  2 hobgoblins
  4 jackals (D:1)
  A quokka (D:2)
  A ball python (D:1)
  A frilled lizard (D:2)
  A kobold (D:1)
  2 rats (D:1)
17 creatures vanquished.

Notes
Turn   | Place    | Note
-------+----------+-------------------------------------------
     0 | D:1      | knot the Demonspawn Berserker began the quest for the Orb.
     0 | D:1      | Reached XP level 1. HP: 18/18 MP: 1/1
   328 | D:1      | Found a faded altar of an unknown god.
   627 | D:1      | Gained mutation: You regenerate magic rapidly. [demonic
                  | ancestry]
   627 | D:1      | Reached XP level 2. HP: 24/24 MP: 2/2
  1217 | D:2      | Noticed a scorpion
  1323 | D:2      | Found Laopn's Distillery.
  1462 | D:2      | Gained mutation: Spells you cast may paralyse adjacent
                  | enemies. [demonic ancestry]
  1462 | D:2      | Reached XP level 3. HP: 29/29 MP: 3/3
  1462 | D:2      | Quit the game

Illustrated notes

Levels and vault maps discovered:
D:1:      shiori_arrival_elements, layout_loops_ring,
          chequers_ecumenical_altar_simple_redux, chequers_serial_rivers_micro_e
D:2:      layout_basic, serial_shops, shop, kennysheep_generic_room_6,
          uniq_terence, uniq_sigmund, uniq_natasha

Skill      XL: |  1 |
---------------+----+-----
Axes           | 3 |  3.7
Fighting       | |  3.0
Throwing       | |  0.3
Armour         | |  1.7
Dodging        | |  1.7

Action                   || total
-------------------------++-------
Melee: Hand axe          ||    67
       Punch             ||     1
Invok: Berserk           ||     3
Armor: Ring mail         ||    30
       Animal skin       ||     1
Dodge: Dodged            ||    41

Table legend: (Time is in decaauts)
 A = Elapsed time spent in this place.
 B = Non-inter-level travel time spent in this place.
 C = Inter-level travel time spent in this place.
 D = Time resting spent in this place.
 E = Time spent auto-exploring this place.
 F = Levels seen in this place.
 G = Mean time per level.
                   A        B        C        D        E       F      G
               +--------+--------+--------+--------+--------+-----+--------+
         Total |   1501 |   1439 |     62 |    449 |    824 |   2 |  750.5 |
       Dungeon |   1501 |   1439 |     62 |    449 |    824 |   2 |  750.5 |
               +--------+--------+--------+--------+--------+-----+--------+

Top non-repeatable levels by time:
     D:1: 1322 daAuts
     D:2: 178 daAuts
